 Dungeon Crawl Stone Soup version 0.18-a0-1391-gbff3df0 (webtiles) character file.

108 sugabear the Ruffian (level 4, -1/25 HPs)
             Began as a Gargoyle Transmuter on Feb 22, 2016.
             Slain by a jackal (2 damage)
             ... on level 3 of the Dungeon.
             The game lasted 00:05:16 (3723 turns).

sugabear the Ruffian (Gargoyle Transmuter)          Turns: 3723, Time: 00:05:16

Health: -1/25      AC:  6    Str: 13    XL:     4   Next: 87%
Magic:  7/7        EV: 12    Int: 15    God:
Gold:   97         SH:  0    Dex: 10    Spells: 1 memorised, 6 levels left

rFire  . . .     SeeInvis .       - Unarmed
rCold  . . .     Gourm    .     b - +0 robe
rNeg   + . .     Faith    .     (no shield)
rPois  ∞         Spirit   .     i - +0 helmet
rElec  +         Dismiss  .     (no cloak)
rCorr  .         Reflect  .     (no gloves)
SustAt .         Harm     .     (no boots)
MR     .....                    (no amulet)
Stlth  +.........               (no ring)
                                (no ring)

@: not resistant to hostile enchantments, very unstealthy
A: negative energy resistance 1, electricity resistance, unbreathing,
petrification resistance, rot immunity, AC +3
a: no special abilities


You were on level 3 of the Dungeon.
You were hungry.

You visited 1 branch of the dungeon, and saw 3 of its levels.

You collected 97 gold pieces.

Inventory:

Missiles
 a - 50 arrows
 x - 4 tomahawks (quivered)
 y - 3 javelins
Armour
 b - a +0 robe (worn)
 i - a +0 helmet (worn)
Jewellery
 h - an uncursed amulet of the gourmand {unknown}
 r - a +3 ring of intelligence {unknown}
Scrolls
 f - 2 scrolls of fog {unknown}
 g - 3 scrolls of remove curse {unknown}
 l - a scroll of random uselessness {unknown}
 m - a scroll of enchant armour {unknown}
 o - 2 scrolls of teleportation {unknown}
 s - a scroll of fear {unknown}
 t - a scroll of recharging {unknown}
 u - 3 scrolls of identify {unknown}
 v - a scroll of magic mapping {unknown}
 B - a scroll of noise {unknown}
Potions
 e - 2 potions of agility {unknown}
 j - a potion of berserk rage {unknown}
 k - a potion of magic {unknown}
 n - a potion of cancellation {unknown}
 p - a potion of brilliance {unknown}
 q - a potion of heal wounds {unknown}
 A - a potion of ambrosia {unknown}
Books
 c - a book of Changes

   Spells                             Type                      Level
   a - Beastly Appendage              Transmutation                1
   b - Sticks to Snakes               Transmutation                2
   c - Spider Form                    Transmutation/Poison         3
   d - Ice Form                       Ice/Transmutation            4
   e - Blade Hands                    Transmutation                5
Comestibles
 d - 2 bread rations
 w - 2 meat rations
 z - a beef jerky
 C - 3 chunks of flesh


   Skills:
 + Level 1.4 Fighting
 + Level 2.8 Dodging
 + Level 0.5 Stealth
 + Level 3.7 Unarmed Combat
 + Level 2.3 Spellcasting
 + Level 1.9 Transmutations


You had 6 spell levels left.
You knew the following spells:

 Your Spells              Type           Power        Failure   Level  Hunger
a - Beastly Appendage     Trmt           #.....       12%         1    #......


Dungeon Overview and Level Annotations

Branches:
Dungeon (3/15)

Altars:
Ashenzari
Xom
The Shining One

Annotations:
D:3 Phlounder's ghost, amateur OpTm


Innate Abilities, Weirdness & Mutations

You are resistant to torment.
Your stone body is resilient (AC +3).
You are immune to poison.
You resist negative energy.
You are resistant to electric shocks.
You can survive without breathing.
You are immune to petrification.
You are immune to rotting.


Message History

The jackal bites you but does no damage.
Things that are here:
a dagger; a robe; a jackal corpse The jackal barely misses you.
The jackal bites you but does no damage.
The jackal bites you but does no damage.
The orc throws a stone.
The stone barely misses you.
The jackal bites you but does no damage.
The rat twitches its whiskers.
The jackal bites you but does no damage.
The jackal misses you. The jackal closely misses you.
The jackal barely misses you. The jackal misses you. The jackal bites you.
* * * LOW HITPOINT WARNING * * *
The jackal bites you.
* * * LOW HITPOINT WARNING * * *
The jackal bites you.
You die...

#############
...........o############
#.#####...#....h@......#
....o....o...#########.#
..#####...#.## #.# ..#
##.##.# #.# ..# #.##.#
#.# ### #.##.# #.#
######## # #.##.#
#.###....... # #.##[#
#.#.....####
########.##.##
#.#.....###.


You could see 2 orcs and a jackal.

Vanquished Creatures
  2 adders (D:2)
  An ooze (D:3)
  3 worms
  2 dart slugs (D:2)
  2 giant geckos (D:1)
  3 orcs (D:3)
  9 bats
  2 giant cockroaches (D:2)
  11 hobgoblins
  3 jackals
  A ball python (D:2)
  6 giant newts
  11 goblins
  6 kobolds
  6 rats
68 creatures vanquished.

Notes
Turn   | Place    | Note
--------------------------------------------------------------
     0 | D:1      | sugabear the Gargoyle Transmuter began the quest for the Orb.
     0 | D:1      | Reached XP level 1. HP: 12/12 MP: 3/3
   220 | D:1      | Reached XP level 2. HP: 14/16 MP: 3/5
   997 | D:1      | Reached XP level 3. HP: 20/20 MP: 4/6
  1559 | D:2      | Found a shattered altar of Ashenzari.
  1673 | D:2      | Found a glowing golden altar of the Shining One.
  1675 | D:2      | Found a shimmering altar of Xom.
  1920 | D:2      | Reached XP level 4. HP: 17/25 MP: 5/7
  2619 | D:3      | Noticed Phlounder's ghost (amateur OpTm)
  3695 | D:3      | HP: 1/25 [jackal (3)]
  3718 | D:3      | HP: 1/25 [jackal (1)]
  3723 | D:3      | Slain by a jackal

Vault maps used:
D:1:      dpeg_arrival_concentric_ovals
D:2:      ashenzari_conservatory_becter, nicolae_overflow_hidden_temple,
          minmay_joined_circles

Skill      XL: |  1  2 |
---------------+-------+-----
Dodging        | 2 |  2.8
Fighting       | |  1.4
Stealth        | |  0.5
Unarmed Combat | |  3.7
Spellcasting   | |  2.3
Transmutations | |  1.9

Action                   |  1- 3 |  4- 6 || total
-------------------------+-------+-------++-------
Melee: Unarmed           |   154 |   131 ||   285
Throw: Tomahawk          |       |     3 ||     3
 Cast: Beastly Appendage |    25 |    13 ||    38
  Eat: Chunk             |     4 |     5 ||     9
